 Dungeon Crawl Stone Soup version 0.16.2-12-gd0ad4c3 (webtiles) character file.

78 Dfrag the Firebug (level 4, 30/30 HPs)
             Began as a Demonspawn Fire Elementalist on Mar 6, 2019.
             Quit the game on level 2 of the Dungeon.
             The game lasted 00:02:40 (1234 turns).

Dfrag the Firebug (Demonspawn Fire Elementalist)    Turns: 1234, Time: 00:02:43

Health: 30/30      AC:  5    Str:  9    XL:     4   Next: 15%
Magic:  5/9        EV: 12    Int: 17    God:
Gold:   111        SH:  0    Dex: 13    Spells: 1 memorised, 8 levels left

rFire  . . .     SeeInvis .     o - +0 short sword (flame)
rCold  . . .     Clarity  .     a - +0 robe
rNeg   . . .     SustAb   .     (no shield)
rPois  .         Gourm    .     q - +1 helmet
rElec  .         Spirit   .     (no cloak)
rCorr  .         Warding  .     h - +0 pair of gloves
rMut   .         Stasis   .     (no boots)
MR     .....                    (no amulet)
Stlth  ++........               (no ring)
                                (no ring)

@: not resistant to hostile enchantments, unstealthy
A: talons 1, demonic guardian 1
a: no special abilities


You were on level 2 of the Dungeon.
You were not hungry.

You visited 1 branch of the dungeon, and saw 2 of its levels.

You collected 111 gold pieces.

Inventory:

Hand weapons
 o - a +0 short sword of flaming (weapon)
Armour
 a - a +0 robe (worn)
 h - a +0 pair of gloves (worn)
 q - a +1 helmet (worn)
Magical devices
 r - a wand of frost (31)
Scrolls
 d - a scroll of fog {unknown}
 e - 5 scrolls of identify {unknown}
 g - a scroll of remove curse {unknown}
 l - a scroll of blinking {unknown}
 n - a scroll of magic mapping {unknown}
 p - a scroll of enchant weapon {unknown}
Potions
 f - a potion of cure mutation
Books
 b - a book of Flames

   Spells                             Type                      Level
   a - Flame Tongue                   Conjuration/Fire             1
   b - Throw Flame                    Conjuration/Fire             2
   c - Conjure Flame                  Conjuration/Fire             3
   d - Inner Flame                    Hexes/Fire                   3
   e - Sticky Flame                   Conjuration/Fire             4
   f - Fireball                       Conjuration/Fire             5
Comestibles
 c - 2 bread rations
 i - a beef jerky
 j - 2 meat rations
 k - a chunk of flesh


   Skills:
 - Level 1.7 Dodging
 - Level 1.7 Stealth
 + Level 3.0 Spellcasting
 + Level 2.5 Conjurations
 + Level 3.2 Fire Magic


You had 8 spell levels left.
You knew the following spells:

 Your Spells              Type           Power        Failure   Level  Hunger
a - Flame Tongue          Conj/Fire      ##...        6%          1    None


Dungeon Overview and Level Annotations

Branches:
Dungeon (2/15)

Altars:


Innate Abilities, Weirdness & Mutations

You have sharp toenails.
A weak demonic guardian rushes to your aid.


Message History

This raw flesh tastes terrible.
You are feeling hungry.
You continue eating. x2
Eat one of 2 chunks of flesh? (ye/n/q/i?) Eat which item? (? for menu, Esc to quit)
Okay, then.
Eat one of 2 chunks of flesh? (ye/n/q/i?) This raw flesh tastes terrible.
You continue eating.
HP restored.
You continue eating.
There is an open door here.
There is an open door here.
You see here a club.
Your magical contamination has completely faded away.
A goblin comes into view. It is wielding a dagger.
A goblin is nearby!
A goblin is nearby!
A goblin is nearby!
Are you sure you want to abandon this character and quit the game? (Confirm with "yes".)

... #......##.... #..
##............ ##+##..
#............. #.......
#.............
#......###..<........#+
.#......................
................#+#...#+
.................#
#..#..
#.......@........#
##.#..
g.....####...##### ..+..
... ######.#### #####..
. ##...##....###...##
##.....##...##.....##
#.......#)..#.......#
#..(....'†..'.......#
#.......#...#.......#
##.....##...##.....##


You could see a goblin (sleeping).

Vanquished Creatures
  3 adders (D:2)
  3 giant geckos
  An ooze (D:1)
  5 bats
  8 goblins
  7 hobgoblins
  2 giant cockroaches
  5 giant newts
  8 kobolds
  5 rats (D:1)
47 creatures vanquished.

Notes
Turn   | Place    | Note
--------------------------------------------------------------
     0 | D:1      | Dfrag, the Demonspawn Fire Elementalist, began the quest for the Orb.
     0 | D:1      | Reached XP level 1. HP: 13/13 MP: 3/3
   239 | D:1      | Gained mutation: You have sharp toenails. [demonic ancestry]
   239 | D:1      | Reached XP level 2. HP: 11/19 MP: 0/4
   417 | D:1      | Reached skill level 3 in Fire Magic
   748 | D:2      | Reached XP level 3. HP: 21/24 MP: 0/6
  1098 | D:2      | Gained mutation: A weak demonic guardian rushes to your aid. [demonic ancestry]
  1098 | D:2      | Reached XP level 4. HP: 30/30 MP: 0/8
  1234 | D:2      | Quit the game

Action                   |  1- 3 |  4- 6 || total
-------------------------+-------+-------++-------
Melee: Unarmed           |    50 |       ||    50
       Short sword       |    11 |       ||    11
 Cast: Flame Tongue      |    65 |     8 ||    73
  Use: Potion            |     3 |       ||     3
 Stab: Sleeping          |     3 |       ||     3
  Eat: Chunk             |       |     2 ||     2
